AoeStats
← 季夏

Arabia

510013011Analyzed
1v1 RM · 2d ago on Sep 29, 2026· 40m 35s· 2 players
Game mode
Random Map
Map size
Tiny (2 player)
Population
200
Speed
Normal
Resources
Standard
Victory
Conquest
Starting age
Dark Age
Ending age
Imperial Age
RankedLock teamsTeams togetherTeam positionsShared explorationLock speedFull tech treeHidden civsTurbo modeCheats
Victory
Defeat
🇩🇪 Poles · Germany
967
+15
🇨🇳 Magyars · China
936
-15
季夏
7:47 Loom
10:35 Feudal Age
11:26 Double-Bit Axe
15:47 Town Watch
17:03 Scale Barding Armor
20:40 Castle Age
19:00 Horse Collar
19:29 Gold Mining
19:55 Stone Mining
21:05 Light Cavalry
24:19 Bloodlines
29:21 Wheelbarrow
30:01 Bow Saw
30:31 Corvinian Army
33:34 Heavy Plow
33:09 Pikeman
40:39 Imperial Age
Cleaninger
9:35 Loom
11:38 Feudal Age
9:55 Loom
13:14 Double-Bit Axe
18:25 Wheelbarrow
21:12 Castle Age
19:26 Horse Collar
19:58 Forging
22:01 Bloodlines
21:58 Scale Barding Armor
23:32 Pikeman
25:46 Bow Saw
26:20 Heavy Plow
26:11 Gold Mining
26:13 Stone Mining
27:17 Iron Casting
28:04 Fletching
28:07 Light Cavalry
28:47 Husbandry
33:26 Imperial Age
33:45 Hand Cart
34:26 Chain Barding Armor
34:46 Winged Hussar
36:51 Conscription
40:07 Blast Furnace
41:31 Lechitic Legacy
Connection lost

Rejoining the realm…

Still unreachable

The connection could not be restored.

Session expired

The server has moved on; the page needs a fresh start.